 Dungeon Crawl Stone Soup version 0.20-a0-540-ge6d1839 (webtiles) character file.

873 Halberto the Cruncher (level 7, -1/56 HPs)
             Began as a Minotaur Gladiator on Jan 30, 2017.
             Was an Initiate of Makhleb.
             Slain by a two-headed ogre
             ... wielding a +0 giant club
              (20 damage)
             ... on level 6 of the Dungeon.
             The game lasted 00:07:51 (4253 turns).

Halberto the Cruncher (Minotaur Gladiator)          Turns: 4253, Time: 00:07:51

Health: -1/56      AC:  8    Str: 18    XL:     7   Next: 74%
Magic:  8/8        EV: 12    Int:  5    God:    Makhleb [......]
Gold:   153        SH:  0    Dex: 14    Spells: 6/6 levels left

rFire    . . .     SeeInvis .   a - +0 quarterstaff
rCold    . . .     Gourm    +   h - +0 ring mail
rNeg     . . .     Faith    .   (shield currently unavailable)
rPois    .         Spirit   .   c - +0 hat
rElec    .         Reflect  .   (no cloak)
rCorr    .         Harm     .   v - +1 pair of gloves
MR       .....                  q - +0 pair of boots
Stlth    +.........             i - amulet of the gourmand
Regen    0.2/turn               (no ring)
                                (no ring)

@: no status effects
A: retaliatory headbutt, horns 2
a: Renounce Religion


You were on level 6 of the Dungeon.
You worshipped Makhleb.
Makhleb was noncommittal.
You were completely stuffed.

You visited 1 branch of the dungeon, and saw 6 of its levels.

You collected 153 gold pieces.

Inventory:

Hand Weapons
 a - a +0 quarterstaff (weapon)
Missiles
 b - 72 bolts
 d - 3 throwing nets (quivered)
 m - 63 arrows
Armour
 c - a +0 hat (worn)
 h - a +0 ring mail (worn)
 q - a +0 pair of boots (worn)
 v - a +1 pair of gloves (worn)
Jewellery
 i - an amulet of the gourmand (around neck)
 G - a cursed ring of loudness {unknown}
Wands
 F - a wand of polymorph (13/24)
Scrolls
 e - a scroll of enchant armour {unknown}
 j - 3 scrolls of fog {unknown}
 k - 5 scrolls of remove curse {unknown}
 p - a scroll of random uselessness {unknown}
 r - 2 scrolls of amnesia {unknown}
 s - a scroll of recharging {unknown}
 u - a scroll of teleportation {unknown}
 w - 3 scrolls of enchant weapon {unknown}
 x - 2 scrolls of identify {unknown}
 y - a scroll of magic mapping {unknown}
 A - a scroll of immolation {unknown}
 D - a scroll of blinking {unknown}
Potions
 l - a potion of curing
 n - a potion of invisibility {unknown}
 o - 2 potions of might {unknown}
 t - 2 potions of flight {unknown}
 z - a potion of brilliance {unknown}
 B - a potion of agility {unknown}
 C - a potion of cure mutation {unknown}
 E - a potion of lignification {unknown}
Comestibles
 f - 5 bread rations
 g - 2 royal jellies


   Skills:
 - Level 2.4 Fighting
 * Level 10.1 Staves
 - Level 2.0 Throwing
 - Level 3.2 Dodging
 + Level 3.6 Invocations


You had 6 spell levels left.
You didn't know any spells.

Dungeon Overview and Level Annotations

Branches:
Dungeon (6/15)
 Temple: D:4-7

Altars:
Fedhas
Gozag
Makhleb
Nemelex Xobeh
Ru


Innate Abilities, Weirdness & Mutations

You reflexively headbutt those who attack you in melee.
You have a pair of horns on your head.


Message History

The two-headed ogre is lightly wounded.
The two-headed ogre hits you with a giant club!
The two-headed ogre misses you.
A sky beast comes into view.
You barely miss the two-headed ogre.
Your headbutt misses the two-headed ogre.
The two-headed ogre is lightly wounded.
You sock the two-headed ogre!
The two-headed ogre is moderately wounded.
The two-headed ogre hits you with a giant club.
The two-headed ogre barely misses you.
The sky beast flickers out of sight!
Deactivating autopickup; reactivate with Ctrl-A.
You hit the two-headed ogre.
The two-headed ogre is moderately wounded.
You closely miss the two-headed ogre. You headbutt the two-headed ogre.
The two-headed ogre is moderately wounded.
The two-headed ogre closely misses you.
The two-headed ogre hits you with a giant spiked club!
The two-headed ogre hits you with a giant club!!
You die...

.#####. ##.## .#
#.# .# #.# .# #.#
.. ##########.#
...
#...#......######
###
#...............#
......##..#####.#
....< #.@#
......##O.##
#.:.##...{.#.##$
#...............
#...##.._..#..##
#.$ #..........
#...)...#..#
..###..###># ...
.## #.


You could see a two-headed ogre.

Vanquished Creatures
  The ghost of polly the Cudgeler, a novice GrFi (D:5)
  A sky beast (D:5)
  2 scorpions
  A bullfrog zombie (D:5)
  A jelly (D:6)
  A hound (D:6)
  A centaur skeleton (D:4)
  2 orc priests (D:4)
  2 orc wizards (D:4)
  2 worker ants
  5 gnolls
  4 adders
  A howler monkey skeleton (D:4)
  An ooze (D:3)
  An adder zombie (D:5)
  3 dart slugs
  3 leopard geckos
  6 orcs (D:4)
  A ball python (D:5)
  8 bats
  2 giant cockroaches
  4 goblins
  4 hobgoblins (D:1)
  A quokka (D:3)
  A frilled lizard (D:1)
  4 kobolds
  A leopard gecko skeleton (D:5)
  4 rats
68 creatures vanquished.

Notes
Turn   | Place    | Note
-------+----------+-------------------------------------------
     0 | D:1      | Halberto the Minotaur Gladiator began the quest for the Orb.
     0 | D:1      | Reached XP level 1. HP: 18/18 MP: 0/0
   109 | D:1      | Reached skill level 4 in Staves
   443 | D:1      | Reached XP level 2. HP: 25/25 MP: 1/1
   600 | D:1      | Reached skill level 5 in Staves
   777 | D:1      | Reached XP level 3. HP: 30/30 MP: 2/2
  1729 | D:3      | Reached XP level 4. HP: 37/37 MP: 3/3
  2016 | D:4      | Found an opulent altar of Gozag.
  2046 | D:4      | Found a blossoming altar of Fedhas.
  2055 | D:4      | Reached skill level 6 in Staves
  2397 | D:4      | Found a sparkling altar of Nemelex Xobeh.
  2424 | D:4      | Reached skill level 7 in Staves
  2424 | D:4      | Reached XP level 5. HP: 42/42 MP: 4/4
  2930 | D:4      | Found a burning altar of Makhleb.
  2986 | D:4      | Became a worshipper of Makhleb the Destroyer
  3162 | D:4      | Reached skill level 8 in Staves
  3162 | D:4      | Reached skill level 1 in Invocations
  3162 | D:4      | Reached XP level 6. HP: 42/50 MP: 5/5
  3348 | D:5      | Entered Level 5 of the Dungeon
  3642 | D:5      | Noticed a sky beast
  3644 | D:5      | Noticed polly's ghost (novice GrFi)
  3680 | D:5      | Killed polly's ghost
  3680 | D:5      | Reached skill level 9 in Staves
  3680 | D:5      | Reached XP level 7. HP: 4/56 MP: 6/8
  4189 | D:6      | Reached skill level 10 in Staves
  4232 | D:6      | Found a sacrificial altar of Ru.
  4237 | D:6      | Noticed a two-headed ogre
  4253 | D:6      | Slain by a two-headed ogre

Vault maps used:
D:1:      dpeg_arrival_renting, minmay_misc_feat_nine_boxes, minivault_25,
          serial_park_tiny_2, minmay_misc_feat_secret_circle
D:2:      uniq_iyjb
D:3:      first_bread
D:4:      nemelex_xobeh_ov_fountains_minmay, lightli_temple_of_fire,
          lemuel_coloured_pillars_altar, fedhas_altar_1
D:5:      corner_web_ring
D:6:      tso_altar, temple_statues, basic_altar

Skill      XL: |  1  2  3  4  5  6  7 |
---------------+----------------------+-----
Staves         | 4 5 7 8 9 10 | 10.1
Invocations    | 1 2 3 |  3.6
Fighting       | |  2.4
Throwing       | |  2.0
Dodging        | |  3.2

Action                   |  1- 3 |  4- 6 |  7- 9 || total
-------------------------+-------+-------+-------++-------
Melee: Quarterstaff      |    63 |   106 |    36 ||   205
       Headbutt          |     9 |    19 |     8 ||    36
  Use: Potion            |       |     1 |     2 ||     3
  Eat: Chunk             |    13 |     6 |     2 ||    21
Armor: Ring mail         |    24 |    49 |    12 ||    85
       Leather armour    |     1 |       |       ||     1
Dodge: Dodged            |    36 |    48 |    22 ||   106
